 Dungeon Crawl Stone Soup version 0.29-a0-559-g359e09b9d1 (webtiles) character file.

Game seed: 17654410800225548486

4274 spaghetti the Nimble (level 10, 0/74 HPs)
             Began as a Gnoll Wanderer on June 10, 2022.
             Was a Believer of Okawaru.
             Succumbed to a hornet's poison
             ... on level 1 of the Abyss.
             The game lasted 00:13:33 (8803 turns).

spaghetti the Nimble (Gnoll Wanderer)               Turns: 8803, Time: 00:13:34

Health: 0/74       AC: 15    Str:  9    XL:     10   Next: 31%
Magic:  18/18      EV: 20    Int: 16    God:    Okawaru [**....]
Gold:   341        SH:  0    Dex: 22    Spells: 19/20 levels left

rFire   . . .      SeeInvis .   b - +6 dagger "Ommuitau" {venom, rElec Will- Str-4 Int+6, short}
rCold   . . .      Faith    .   (no shield)
rNeg    . . .      Spirit   .   G - +0 steam dragon scales
rPois   .          Reflect  .   (no helmet)
rElec   +          Harm     .   y - +2 cloak
rCorr   .          Rampage  .   (no gloves)
Will    .....                   q - +1 pair of boots
Stlth   ++++......              (no amulet)
HPRegen 0.22/turn               m - +4 ring of protection
MPRegen 0.16/turn               r - +6 ring of dexterity

@: lethally poisoned (0 -> -4), studying Invocations
A: fangs 1, strong nose, distributed training
a: Renounce Religion, Heroism


You were on level 1 of the Abyss.
You worshipped Okawaru.
Okawaru was pleased with you.
You visited 2 branches of the dungeon, and saw 10 of its levels.
You visited the Abyss 1 time.

You collected 390 gold pieces.
You spent 49 gold pieces at shops.


Innate Abilities, Weirdness & Mutations

You have very sharp teeth.
Your uncanny sense of smell can sniff out nearby items.
Your experience applies equally to all skills.


   Skills:
 + Level 5.1 Fighting
 + Level 5.1 Short Blades
 + Level 5.1 Long Blades
 + Level 5.1 Axes
 + Level 5.1 Maces & Flails
 + Level 5.1 Polearms
 + Level 5.1 Staves
 + Level 5.1 Slings
 + Level 5.1 Bows
 + Level 8.4 Crossbows
 + Level 5.1 Throwing
 + Level 5.1 Armour
 + Level 10.0 Dodging
 + Level 5.7 Stealth
 + Level 5.1 Shields
 + Level 5.1 Unarmed Combat
 + Level 5.9 Spellcasting
 + Level 4.2 Conjurations
 + Level 4.2 Hexes
 + Level 4.2 Summonings
 + Level 4.2 Necromancy
 + Level 4.2 Translocations
 + Level 4.8 Transmutations
 + Level 4.2 Fire Magic
 + Level 4.2 Ice Magic
 + Level 4.2 Air Magic
 + Level 4.2 Earth Magic
 + Level 4.2 Poison Magic
 + Level 7.5 Invocations
 + Level 5.1 Evocations


You had 19 spell levels left.
You knew the following spells:

 Your Spells              Type           Power      Damage    Failure   Level
a - Sting                 Tmut/Pois      76%        1d6       2%          1

Your spell library contained the following spells:

 Spells                   Type           Power      Damage    Failure   Level
 Beastly Appendage        Tmut           40%        N/A       1%          1
 Freeze                   Ice            72%        1d9       2%          1
 Blink                    Tloc           36%        N/A       3%          2
 Spider Form              Tmut/Pois      19%        N/A       6%          3
 Lesser Beckoning         Tloc           18%        N/A       7%          3
 Ozocubu's Armour         Ice            18%        N/A       7%          3
 Manifold Assault         Tloc           18%        N/A       54%         5
 Eringya's Noxious Bog    Tmut/Pois      9%         N/A       97%         6
 Ozocubu's Refrigeration  Ice            9%         4d6       100%        7
 Storm Form               Tmut/Air       9%         N/A       100%        7
 Necromutation            Tmut/Necr      9%         N/A       100%        8
 Animate Dead             Necr           Unusable   N/A       N/A         4
 Summon Forest            Summ/Tloc      Unusable   N/A       N/A         5
 Haunt                    Necr/Summ      Unusable   N/A       N/A         7
 Summon Hydra             Summ           Unusable   N/A       N/A         7
 Infestation              Necr           Unusable   N/A       N/A         8

Inventory:

Hand Weapons
 a - a +2 vorpal hand crossbow {crossbow}
 b - the +6 dagger "Ommuitau" (weapon) {venom, rElec Will- Str-4 Int+6, short}
   (You found it on level 2 of the Dungeon)

   It poisons the flesh of those it strikes.
   Str:       It affects your strength (-4).
   Int:       It affects your intelligence (+6).
   rElec:     It insulates you from electricity.
   Will:      It decreases your willpower.
 H - the +3 whip of Intimidation {freeze, Int+6 Dex+4 Stlth+, mace}
   (You found it on level 8 of the Dungeon)

   It freezes those it strikes, dealing additional cold damage.
   It can also slow down cold-blooded creatures.
   Int:       It affects your intelligence (+6).
   Dex:       It affects your dexterity (+4).
   Stlth:     It makes you more stealthy.
Missiles
 e - 271 stones {throwing}
 h - 14 poisoned darts {throwing}
 l - 6 datura-tipped darts {throwing}
 A - 3 boomerangs {throwing}
 F - a throwing net {=f!fthrowing}
 K - 3 curare-tipped darts {=fthrowing}
Armour
 q - a +1 pair of boots (worn)
 y - a +2 cloak (worn)
   (You took it off Crazy Yiuf on level 4 of the Dungeon)
 C - the +1 robe of Kowol {Harm}
   (You found it on level 7 of the Dungeon)

   Harm:      It increases damage dealt and taken.
 G - +0 steam dragon scales (worn)
   (You took it off Maggie on level 7 of the Dungeon)
Magical Staves
 s - a staff of conjuration {!a@e2staff}
   (You found it on level 4 of the Dungeon)
 u - a staff of poison {!astaff}
   (You found it on level 6 of the Dungeon)
Jewellery
 d - a ring of protection from cold
   (You found it on level 8 of the Dungeon)
 m - a +4 ring of protection (left hand)
   (You found it on level 1 of the Dungeon)
 o - a ring of ice
   (You found it on level 5 of the Dungeon)
 r - a +6 ring of dexterity (right hand)
   (You found it on level 5 of the Dungeon)
Wands
 v - a wand of iceblast (2)
   (You found it on level 6 of the Dungeon)
Scrolls
 c - 3 scrolls of fear
 f - 2 scrolls of amnesia
 k - 2 scrolls of vulnerability {!r!r}
 n - a scroll of silence {!r}
 w - 3 scrolls of blinking {!r}
 z - a scroll of teleportation {@r4}
 I - 2 scrolls of identify {@r1}
 J - a scroll of summoning
Potions
 g - 3 potions of lignification {!q}
 j - a potion of haste {@q3}
 p - 2 potions of invisibility
 t - 4 potions of brilliance
 B - a potion of might
 E - a potion of magic

Dungeon Overview and Level Annotations

Branches:
Dungeon (9/15)             Temple (1/1) D:6
   Lair: D:8-11         Orc: D:9-12

Altars:
Ashenzari
Dithmenos
Elyvilon
Fedhas
Gozag
Hepliaklqana
Kikubaaqudgha
Makhleb
Nemelex Xobeh
Okawaru
Qazlal
Sif Muna
Trog
Uskayaw
Vehumet
Wu Jian
Xom
Yredelemnul
Zin
The Shining One

Shops:
D:5 [

Annotations:
D:9 Erolcha

## #.##
#..##
#...## ##
##.#ยง##.#
. #
#.##@ยง.# .
# # #
..###ยง#..#
.. ## # .
## #..#.# #
. #. .#.###
. . ..# #.
.. # #.#..#
.## ##. ..
. . . . # .
.


There were no monsters in sight!


Message History

You feel your health improve. The ancient zyme barely misses you.
The ancient zyme misses you.
You feel yourself growing ill in the presence of the ancient zyme.
Unknown command.
Unknown command.
Unknown command.
You hit the ancient zyme but do no damage.
You bite the ancient zyme. You hit the ancient zyme.
The ancient zyme completely misses you. x2 ๐Ÿ˜ฑ HP[+1]
You hit the ancient zyme.
You destroy the ancient zyme!
That felt strangely unrewarding. ๐Ÿ˜ฑ MP[+1]
Your mp is fully restored (18).
A green death comes into view.
Unknown command. ๐Ÿ˜ฑ HP[+1] ๐Ÿ˜ฑ HP[+1] ๐Ÿ˜ฑ HP[+1] ๐Ÿ˜ฑ HP[+1]
A tentacled starspawn comes into view. ๐Ÿ˜ฑ HP[+1]
You feel like a meek peon again. ๐Ÿ˜จ HP[+1]
You start resting.
You start resting.
A troll comes into view. ๐Ÿ˜จ HP[+16]
You regained 16 hp, and now have 35/74 hp.
A troll is nearby!
The troll shouts!
The troll closely misses you. x2; The troll claws you!
* * * LOW HITPOINT WARNING * * *
๐Ÿ˜จ HP[-9]
You take 9 damage, and now have 26/74 hp.
You are too injured to fight recklessly!
You hit the troll. You hit the troll.
The troll is poisoned.
You bite the troll, but do no damage. The troll bites you!
* * * LOW HITPOINT WARNING * * *
The troll closely misses you. x2 ๐Ÿ˜ฑ HP[-12]
You take 12 damage, and now have 14/74 hp.
You puncture the troll!
The troll looks as sick as possible!
You hit the troll. You bite the troll, but do no damage.
The troll completely misses you. The troll misses you. The troll claws you.
* * * LOW HITPOINT WARNING * * *
๐Ÿ˜ฑ HP[-4]
You take 4 damage, and now have 10/74 hp.
You hit the troll.
The troll looks as sick as possible!
The troll changes into a hornet!
You hit the hornet but do no damage.
The hornet is poisoned.
The hornet closely misses you. ๐Ÿ˜ฑ HP[+1]
You hit the hornet. Your bite misses the hornet. The hornet stings you.
* * * LOW HITPOINT WARNING * * *
You are lethally poisoned!
You feel yourself slow down. ๐Ÿ˜ฑ HP[-2]
You take 2 damage, and now have 9/74 hp.
Unknown command.
Okay, then.
Okay, then.
Unknown command.
You completely miss the hornet.
You feel yourself speed up.
* * * LOW HITPOINT WARNING * * *
You feel very sick. The hornet misses you.
The hornet barely misses you. ๐Ÿ˜ฑ HP[-4]
You take 4 damage, and now have 5/74 hp.
You hit the hornet.
The hornet looks as sick as possible!
* * * LOW HITPOINT WARNING * * *
You feel sick. The hornet misses you. ๐Ÿ˜ฑ HP[-1]
You take 1 damage, and now have 4/74 hp.
Unknown command.
Unknown command.
You barely miss the hornet. Your bite misses the hornet.
* * * LOW HITPOINT WARNING * * *
You feel sick.
You kill the hornet!
That felt strangely unrewarding. ๐Ÿ˜ฑ HP[-2]
You take 2 damage, and now have 2/74 hp.
The substance of the Abyss twists violently, and a gateway leading out appears!
* * * LOW HITPOINT WARNING * * *
You feel sick.
There is a gateway leading out of the Abyss here.
You see here a shapeshifter corpse.
Unknown command.
Unknown command.
Unknown command.
* * * LOW HITPOINT WARNING * * *
You feel sick. ๐Ÿ˜ฑ HP[-1]
You take 1 damage, and now have 1/74 hp.
Unknown command.
You die...

Skill      XL: |  1  2  3  4  5  6  7  8  9 10 |
---------------+-------------------------------+-----
Transmutations | 2 3 4 |  4.8
Invocations    | 1 2 3 5 7 |  7.5
Fighting       | 1 2 3 4 5 |  5.1
Short Blades   | 1 2 3 4 5 |  5.1
Long Blades    | 1 2 3 4 5 |  5.1
Axes           | 1 2 3 4 5 |  5.1
Maces & Flails | 1 2 3 4 5 |  5.1
Polearms       | 1 2 3 4 5 |  5.1
Staves         | 1 2 3 4 5 |  5.1
Slings         | 1 2 3 4 5 |  5.1
Bows           | 1 2 3 4 5 |  5.1
Throwing       | 1 2 3 4 5 |  5.1
Armour         | 1 2 3 4 5 |  5.1
Shields        | 1 2 3 4 5 |  5.1
Unarmed Combat | 1 2 3 4 5 |  5.1
Evocations     | 1 2 3 4 5 |  5.1
Spellcasting   | 3 4 5 |  5.9
Conjurations   | 1 2 3 4 |  4.2
Hexes          | 1 2 3 4 |  4.2
Summonings     | 1 2 3 4 |  4.2
Necromancy     | 1 2 3 4 |  4.2
Translocations | 1 2 3 4 |  4.2
Fire Magic     | 1 2 3 4 |  4.2
Ice Magic      | 1 2 3 4 |  4.2
Air Magic      | 1 2 3 4 |  4.2
Earth Magic    | 1 2 3 4 |  4.2
Poison Magic   | 1 2 3 4 |  4.2
Stealth        | 3 4 5 |  5.7
Crossbows      | 7 8 |  8.4
Dodging        | 9 10 | 10.0

Action                   |  1- 3 |  4- 6 |  7- 9 | 10-12 || total
-------------------------+-------+-------+-------+-------++-------
Melee: Dagger            |       |    51 |   180 |   145 ||   376
       Bite              |       |     5 |    29 |    29 ||    63
       Punch             |       |     1 |     9 |     9 ||    19
 Fire: Hand crossbow     |    85 |    72 |   127 |    41 ||   325
 Cast: Sting             |       |       |     3 |       ||     3
Invok: Heroism           |       |       |     2 |     4 ||     6
Evoke: Wand              |       |       |    13 |     1 ||    14
  Use: Potion            |       |     7 |     3 |     3 ||    13
       Scroll            |       |       |    14 |       ||    14
 Stab: Sleeping          |       |       |     2 |     1 ||     3
Armor: Leather armour    |    14 |    20 |   133 |       ||   167
       Skin              |       |    26 |       |       ||    26
       Steam dragon scal |       |       |       |    42 ||    42
Dodge: Dodged            |    25 |    43 |   329 |   214 ||   611

Levels and vault maps discovered:
D:1:      erik_arrival_orb_chamber, layout_basic,
          shapermc_ecumenical_altar_rom_forum, dk_noncrumbling_3
D:2:      layout_rooms
D:3:      layout_rooms, nzn_hepliaklqana_mist_gate,
          nicolae_overflow_hidden_temple, minivault_23, uniq_robin
D:4:      layout_cave_pools, serial_column_ruins, column_ruins_hut,
          column_ruins_open_small_water, column_ruins_columns_water,
          column_ruins_grid_3, column_ruins_open_medium, minmay_manual_maat,
          uniq_crazy_yiuf_cottage, uniq_sigmund, uniq_eustachio
D:5:      layout_cave_pods, gammafunk_ghost_stat_death, nicolae_stop_n_shop_1,
          hex_medium, uniq_grinder, uniq_blork_the_orc
D:6:      layout_basic, minmay_temple_entry_trees, kennysheep_generic_room_15
D:7:      layout_loops_corners, xom_teletrap_fun,
          chequers_serial_rivers_small_b, kennysheep_generic_room_16,
          uniq_duvessa, uniq_maggie
D:8:      layout_rooms
D:9:      argonaut_augean_stables, layout_layer_cave, david_lair_generic,
          erik_orc_1, kennysheep_windowed_goal, uniq_erolcha
Temple:   regret_index_temple_generic_petals
Abyss:1:  base: D:9, hangedman_summoners_spam, hangedman_abyss_mock_shop,
          hangedman_classic_abyss_death

Notes
Turn   | Place    | Note
-------+----------+-------------------------------------------
     0 | D:1      | spaghetti the Gnoll Wanderer began the quest for the Orb.
     0 | D:1      | spaghetti set off with the following items: a +0 vorpal
                  | hand crossbow {crossbow}, a +0 pair of boots, a scroll of
                  | fear, a +0 leather armour; and the following spell
                  | memorised: Sting; and the following spells available to
                  | memorise: Spider Form
     0 | D:1      | Reached XP level 1. HP: 13/13 MP: 4/4
     0 | D:1      | magus.rc [v1.9.6]
    40 | D:1      | Reached skill level 2 in Transmutations
   171 | D:1      | Reached XP level 2. HP: 19/19 MP: 5/5
   548 | D:1      | Found a faded altar of an unknown god.
   551 | D:1      | Got Plato's Handbook of the Glacier
   583 | D:2      | Reached XP level 3. HP: 25/25 MP: 7/7
   641 | D:2      | Reached skill level 1 in Invocations
   745 | D:2      | Reached skill level 1 in Fighting
   745 | D:2      | Reached skill level 1 in Short Blades
   745 | D:2      | Reached skill level 1 in Long Blades
   745 | D:2      | Reached skill level 1 in Axes
   745 | D:2      | Reached skill level 1 in Maces & Flails
   745 | D:2      | Reached skill level 1 in Polearms
   745 | D:2      | Reached skill level 1 in Staves
   745 | D:2      | Reached skill level 1 in Slings
   745 | D:2      | Reached skill level 1 in Bows
   745 | D:2      | Reached skill level 1 in Throwing
   745 | D:2      | Reached skill level 1 in Armour
   745 | D:2      | Reached skill level 1 in Shields
   745 | D:2      | Reached skill level 1 in Unarmed Combat
   745 | D:2      | Reached skill level 1 in Evocations
   764 | D:2      | Identified the +6 dagger "Ommuitau" {venom, rElec Will-
                  | Str-4 Int+6}
   879 | D:2      | Reached XP level 4. HP: 32/32 MP: 8/8
   926 | D:2      | Reached skill level 3 in Spellcasting
  1034 | D:3      | Reached skill level 1 in Conjurations
  1034 | D:3      | Reached skill level 1 in Hexes
  1034 | D:3      | Reached skill level 1 in Summonings
  1034 | D:3      | Reached skill level 1 in Necromancy
  1034 | D:3      | Reached skill level 1 in Translocations
  1034 | D:3      | Reached skill level 1 in Fire Magic
  1034 | D:3      | Reached skill level 1 in Ice Magic
  1034 | D:3      | Reached skill level 1 in Air Magic
  1034 | D:3      | Reached skill level 1 in Earth Magic
  1034 | D:3      | Reached skill level 1 in Poison Magic
  1040 | D:3      | Noticed Robin
  1055 | D:3      | Killed Robin
  1248 | D:3      | Reached XP level 5. HP: 37/37 MP: 9/9
  1390 | D:3      | Found a hazy altar of Hepliaklqana.
  1529 | D:3      | Found a broken altar of Ashenzari.
  1529 | D:3      | Found a burning altar of Makhleb.
  1530 | D:3      | Found an ancient bone altar of Kikubaaqudgha.
  1627 | D:4      | Noticed a water moccasin
  1650 | D:3      | HP: 12/57 [water moccasin (6)]
  1661 | D:3      | Killed a water moccasin
  1662 | D:3      | Reached skill level 2 in Fighting
  1662 | D:3      | Reached skill level 2 in Short Blades
  1662 | D:3      | Reached skill level 2 in Long Blades
  1662 | D:3      | Reached skill level 2 in Axes
  1662 | D:3      | Reached skill level 2 in Maces & Flails
  1662 | D:3      | Reached skill level 2 in Polearms
  1662 | D:3      | Reached skill level 2 in Staves
  1662 | D:3      | Reached skill level 2 in Slings
  1662 | D:3      | Reached skill level 2 in Bows
  1662 | D:3      | Reached skill level 2 in Throwing
  1662 | D:3      | Reached skill level 2 in Armour
  1662 | D:3      | Reached skill level 3 in Stealth
  1662 | D:3      | Reached skill level 2 in Shields
  1662 | D:3      | Reached skill level 2 in Unarmed Combat
  1662 | D:3      | Reached skill level 2 in Invocations
  1662 | D:3      | Reached skill level 2 in Evocations
  1662 | D:3      | Reached XP level 6. HP: 34/44 MP: 9/11
  2021 | D:4      | Noticed Sigmund
  2031 | D:4      | Killed Sigmund
  2032 | D:4      | Reached skill level 7 in Crossbows
  2032 | D:4      | Reached XP level 7. HP: 25/51 MP: 12/12
  2189 | D:4      | You pick up a book of Spatial Translocations and begin
                  | reading...
  2189 | D:4      | You add the spells Blink, Lesser Beckoning and Manifold
                  | Assault to your library.
  2212 | D:4      | Noticed Eustachio
  2234 | D:4      | Killed Eustachio
  2235 | D:4      | Reached skill level 9 in Dodging
  2235 | D:4      | Reached skill level 2 in Conjurations
  2235 | D:4      | Reached skill level 2 in Hexes
  2235 | D:4      | Reached skill level 2 in Summonings
  2235 | D:4      | Reached skill level 2 in Necromancy
  2235 | D:4      | Reached skill level 2 in Translocations
  2235 | D:4      | Reached skill level 3 in Transmutations
  2235 | D:4      | Reached skill level 2 in Fire Magic
  2235 | D:4      | Reached skill level 2 in Ice Magic
  2235 | D:4      | Reached skill level 2 in Air Magic
  2235 | D:4      | Reached skill level 2 in Earth Magic
  2235 | D:4      | Reached skill level 2 in Poison Magic
  2501 | D:4      | Reached skill level 3 in Invocations
  2861 | D:4      | Found a runed translucent door.
  2862 | D:4      | Noticed Crazy Yiuf
  3063 | D:4      | Killed Crazy Yiuf
  3064 | D:4      | Reached skill level 4 in Spellcasting
  3184 | D:5      | Entered Level 5 of the Dungeon
  3194 | D:5      | Reached XP level 8. HP: 33/57 MP: 14/14
  3331 | D:5      | Reached skill level 3 in Fighting
  3331 | D:5      | Reached skill level 3 in Short Blades
  3331 | D:5      | Reached skill level 3 in Long Blades
  3331 | D:5      | Reached skill level 3 in Axes
  3331 | D:5      | Reached skill level 3 in Maces & Flails
  3331 | D:5      | Reached skill level 3 in Polearms
  3331 | D:5      | Reached skill level 3 in Staves
  3331 | D:5      | Reached skill level 3 in Slings
  3331 | D:5      | Reached skill level 3 in Bows
  3331 | D:5      | Reached skill level 3 in Throwing
  3331 | D:5      | Reached skill level 3 in Armour
  3331 | D:5      | Reached skill level 3 in Shields
  3331 | D:5      | Reached skill level 3 in Unarmed Combat
  3331 | D:5      | Reached skill level 3 in Evocations
  3370 | D:5      | You add the spells Ozocubu's Armour and Ozocubu's
                  | Refrigeration to your library.
  3648 | D:5      | Found a transporter.
  3664 | D:5      | Noticed DocClef's ghost (weakling GnDe)
  3698 | D:5      | Noticed Blork the orc
  3709 | D:5      | Killed Blork the orc
  3710 | D:5      | Reached skill level 4 in Stealth
  3710 | D:5      | Reached skill level 4 in Invocations
  3938 | D:5      | Found a transporter.
  3958 | D:5      | Found Ebla's Armour Shoppe.
  3962 | D:5      | Noticed Grinder
  3971 | D:5      | Paralysed by Grinder for 5 turns
  3990 | D:5      | Paralysed by Grinder for 5 turns
  3998 | D:5      | Killed Grinder
  4002 | D:5      | Bought a +0 pair of boots for 49 gold pieces
  4644 | D:5      | Killed DocClef's ghost
  4656 | D:5      | Reached skill level 3 in Conjurations
  4656 | D:5      | Reached skill level 3 in Hexes
  4656 | D:5      | Reached skill level 3 in Summonings
  4656 | D:5      | Reached skill level 3 in Necromancy
  4656 | D:5      | Reached skill level 3 in Translocations
  4656 | D:5      | Reached skill level 3 in Fire Magic
  4656 | D:5      | Reached skill level 3 in Ice Magic
  4656 | D:5      | Reached skill level 3 in Air Magic
  4656 | D:5      | Reached skill level 3 in Earth Magic
  4656 | D:5      | Reached skill level 3 in Poison Magic
  4801 | D:6      | Reached skill level 5 in Invocations
  4845 | D:6      | Reached XP level 9. HP: 65/65 MP: 16/16
  4916 | D:6      | Found a staircase to the Ecumenical Temple.
  4923 | Temple   | Entered the Ecumenical Temple
  5149 | Temple   | Became a worshipper of Warmaster Okawaru
  6208 | D:7      | Reached skill level 4 in Fighting
  6208 | D:7      | Reached skill level 4 in Short Blades
  6208 | D:7      | Reached skill level 4 in Long Blades
  6208 | D:7      | Reached skill level 4 in Axes
  6208 | D:7      | Reached skill level 4 in Maces & Flails
  6208 | D:7      | Reached skill level 4 in Polearms
  6208 | D:7      | Reached skill level 4 in Staves
  6208 | D:7      | Reached skill level 4 in Slings
  6208 | D:7      | Reached skill level 4 in Bows
  6208 | D:7      | Reached skill level 4 in Throwing
  6208 | D:7      | Reached skill level 4 in Armour
  6208 | D:7      | Reached skill level 4 in Shields
  6208 | D:7      | Reached skill level 4 in Unarmed Combat
  6208 | D:7      | Reached skill level 4 in Transmutations
  6208 | D:7      | Reached skill level 4 in Evocations
  6286 | D:7      | Identified the +1 robe of Kowol {Harm}
  6332 | D:7      | Reached skill level 5 in Spellcasting
  6392 | D:7      | Reached * piety under Okawaru
  6625 | D:7      | Found a shimmering altar of Xom.
  6665 | D:7      | Reached skill level 6 in Invocations
  6696 | D:7      | You pick up a book of Death and begin reading...
  6748 | D:7      | Noticed Dowan
  6751 | D:7      | Reached skill level 5 in Stealth
  6757 | D:7      | Killed Dowan
  6758 | D:7      | Reached skill level 8 in Crossbows
  6758 | D:7      | Noticed Duvessa
  6765 | D:7      | Killed Duvessa
  7177 | D:7      | You add the spells Beastly Appendage, Storm Form and
                  | Necromutation to your library.
  7177 | D:7      | Got the Handbook of Victory
  7208 | D:7      | Noticed Maggie
  7233 | D:7      | Killed Maggie
  7234 | D:7      | Reached skill level 4 in Conjurations
  7234 | D:7      | Reached skill level 4 in Hexes
  7234 | D:7      | Reached skill level 4 in Summonings
  7234 | D:7      | Reached skill level 4 in Necromancy
  7234 | D:7      | Reached skill level 4 in Translocations
  7234 | D:7      | Reached skill level 4 in Fire Magic
  7234 | D:7      | Reached skill level 4 in Ice Magic
  7234 | D:7      | Reached skill level 4 in Air Magic
  7234 | D:7      | Reached skill level 4 in Earth Magic
  7234 | D:7      | Reached skill level 4 in Poison Magic
  7234 | D:7      | Reached skill level 7 in Invocations
  7234 | D:7      | Reached XP level 10. HP: 56/73 MP: 16/18
  7740 | D:8      | Reached skill level 5 in Fighting
  7740 | D:8      | Reached skill level 5 in Short Blades
  7740 | D:8      | Reached skill level 5 in Long Blades
  7740 | D:8      | Reached skill level 5 in Axes
  7740 | D:8      | Reached skill level 5 in Maces & Flails
  7740 | D:8      | Reached skill level 5 in Polearms
  7740 | D:8      | Reached skill level 5 in Staves
  7740 | D:8      | Reached skill level 5 in Slings
  7740 | D:8      | Reached skill level 5 in Bows
  7740 | D:8      | Reached skill level 5 in Throwing
  7740 | D:8      | Reached skill level 5 in Armour
  7740 | D:8      | Reached skill level 5 in Shields
  7740 | D:8      | Reached skill level 5 in Unarmed Combat
  7740 | D:8      | Reached skill level 5 in Evocations
  7891 | D:8      | Reached ** piety under Okawaru
  7892 | D:8      | Reached skill level 10 in Dodging
  7899 | D:8      | Identified the +3 whip of Intimidation {freeze, Int+6 Dex+4
                  | Stlth+}
  8507 | D:9      | Noticed Erolcha
  8509 | D:9      | You are cast into the Abyss!
  8509 | D:9      | Cast into level 1 of the Abyss (Erolcha)
  8509 | Abyss:1  | Found a corrupted altar of Lugonu.
  8579 | Abyss:1  | HP: 18/74 [blink frog (7)]
  8633 | Abyss:1  | Found a corrupted altar of Lugonu.
  8681 | Abyss:1  | HP: 12/74 [ancient zyme (7)]
  8687 | Abyss:1  | Noticed a green death
  8708 | Abyss:1  | Noticed a tentacled starspawn
  8792 | Abyss:1  | HP: 14/74 [troll (shapeshifter) (12)]
  8797 | Abyss:1  | HP: 9/74 [hornet (shapeshifter) (2)]
  8799 | Abyss:1  | HP: 4/74 [poisoned by a hornet]
  8802 | Abyss:1  | HP: 1/74 [poisoned by a hornet]
  8803 | Abyss:1  | Succumbed to a hornet's poison

Vanquished Creatures
  Maggie (D:7)
  An ancient zyme (Abyss:1)
  Grinder (D:5)
  5 blink frogs (Abyss:1)
  A hornet (shapeshifter) (Abyss:1)
  3 raiju (Abyss:1)
  Sigmund (D:4)
  Eustachio (D:4)
  A steam dragon (D:7)
  2 acid dragons (D:8)
  Duvessa (D:7)
  An ice beast (D:8)
  A water moccasin (D:3)
  2 sky beasts
  A black bear (D:7)
  3 ogres
  A kobold brigand (D:9)
  Blork the orc (D:5)
  4 bullfrogs
  4 scorpions
  11 wights
  The ghost of DocClef the Covert, a weakling GnDe (D:5)
  4 killer bees (D:7)
  An electric eel (D:9)
  2 howler monkeys
  4 quasits (D:5)
  4 hounds
  A jelly (D:7)
  An orc priest (D:5)
  Crazy Yiuf (D:4)
  A gnoll shaman (D:8)
  2 iguanas
  3 orc wizards
  Robin (D:3)
  3 gnolls (D:8)
  11 adders
  A shadow imp (D:5)
  A white imp (D:7)
  3 dart slugs (D:1)
  18 orcs
  6 endoplasms
  4 giant cockroaches
  13 goblins
  8 hobgoblins
  3 quokkas
  7 ball pythons
  7 bats
  A frilled lizard (D:3)
  14 kobolds
  3 rats
176 creatures vanquished.

Vanquished Creatures (others)
  Dowan (D:7)
1 creature vanquished.

Grand Total: 177 creatures vanquished

Table legend:
 A = Non-vault XP
 B = Vault XP
 C = Vault XP percentage of total XP
 D = Non-vault monster count
 E = Vault monster count
 F = Vault count percentage of total count
                 A         B        C        D         E       F
            +---------+---------+-------+---------+---------+-------
      Total |    3933 |    2173 |  35.6 |     144 |      33 |  18.6
            +---------+---------+-------+---------+---------+-------
        D:1 |      30 |       0 |   0.0 |      14 |       0 |   0.0
        D:2 |      75 |       0 |   0.0 |      18 |       0 |   0.0
        D:3 |      71 |     247 |  77.7 |      21 |      13 |  38.2
        D:4 |     213 |     475 |  69.0 |      18 |       4 |  18.2
        D:5 |     450 |     636 |  58.6 |      11 |       8 |  42.1
        D:6 |     354 |       6 |   1.7 |       6 |       2 |  25.0
        D:7 |    1769 |     809 |  31.4 |      28 |       6 |  17.6
        D:8 |     758 |       0 |   0.0 |      12 |       0 |   0.0
        D:9 |     213 |       0 |   0.0 |       6 |       0 |   0.0
    Abyss:1 |       0 |       0 |   N/A |      10 |       0 |   0.0
            +---------+---------+-------+---------+---------+-------

Illustrated notes

Table legend:
 A = Kills in this place as a percentage of kills in entire the game.
 B = Kills by you in this place as a percentage of kills by you in the entire game.
 C = Kills by friends in this place as a percentage of kills by friends in the entire game.
 D = Other kills in this place as a percentage of other kills in the entire game.
 E = Experience gained in this place as a percentage of experience gained in the entire game.
 F = Experience gained in this place divided by the number of levels of this place that you have seen.
                   A       B       C       D       E      F
               +-------+-------+-------+-------+-------+----------------------
         Total | 100.0 | 100.0 |   N/A | 100.0 | 100.0 | 555.1
       Dungeon |  94.4 |  94.3 |   N/A | 100.0 | 100.0 | 678.4
         Abyss |   5.6 |   5.7 |   N/A |   0.0 |   0.0 |   0.0
               +-------+-------+-------+-------+-------+----------------------

Table legend: (Time is in decaauts)
 A = Elapsed time spent in this place.
 B = Non-inter-level travel time spent in this place.
 C = Inter-level travel time spent in this place.
 D = Time resting spent in this place.
 E = Time spent auto-exploring this place.
 F = Levels seen in this place.
 G = Mean time per level.
                   A        B        C        D        E       F      G
               +--------+--------+--------+--------+--------+-----+--------+
         Total |   8740 |   8518 |    222 |    383 |   6892 |  11 |  794.5 |
       Dungeon |   8241 |   8044 |    197 |    270 |   6663 |   9 |  915.7 |
        Temple |    241 |    216 |     25 |      0 |    208 |   1 |  241.0 |
         Abyss |    257 |    257 |      0 |    113 |     21 |   1 |  257.0 |
               +--------+--------+--------+--------+--------+-----+--------+

Top non-repeatable levels by time:
     D:7: 1578 daAuts
     D:5: 1557 daAuts
     D:4: 1335 daAuts
     D:6: 1125 daAuts
     D:3: 856 daAuts
     D:8: 599 daAuts
     D:1: 584 daAuts
     D:2: 431 daAuts
 Abyss:1: 257 daAuts
  Temple: 241 daAuts
     D:9: 172 daAuts
